 Dungeon Crawl Stone Soup version 0.30-a0-540-g0af01429fa (webtiles) character file.

Game seed: 13655630330391394643

340456 magipi the Severer (level 21, -3/136 HPs)
             Began as a Gargoyle Berserker on Dec 18, 2022.
             Was a Priest of the Shining One.
             Slain by a stone giant (42 damage)
             ... created by the rage of Trog
             ... on level 1 of the Crypt on Dec 25, 2022.
             The game lasted 03:02:22 (31254 turns).

magipi the Severer (Gargoyle Berserker)            Turns: 31254, Time: 03:02:23

Health: -3/136     AC: 43    Str: 27    XL:     21   Next: 99%
Magic:  0/25       EV: 18    Int:  5    God:    the Shining One [***...]
Gold:   3339       SH: 20    Dex: 21    Spells: 22/25 levels left

rFire   + . .      SeeInvis +    a - +9 broad axe (vorpal)
rCold   + . .      Faith    .    Z - +0 kite shield {reflect}
rNeg    + + .      Spirit   +    P - quicksilver dragon scales
rPois   ∞          Reflect  +    T - +1 helmet "Diruf" {rElec rF+ Dex+6}
rElec   +          Harm     .    h - +2 cloak of the Thief {*Fog Slay-2 SInv Stlth+}
rCorr   +          Rampage  .    S - +2 pair of gloves {Str+3}
Will    +++..                    Y - +1 pair of boots of the Carpenter {rPois rCorr Int-5}
Stlth   +                        r - amulet of guardian spirit
HPRegen 0.42/turn                m - ring of willpower
MPRegen 0.19/turn                c - ring of protection from cold

@: divinely shielded, flying, glowing, studying Armour
A: sickness immunity, AC +16, big wings, negative energy resistance 1,
electricity resistance, torment resistance 1, petrification resistance
}: 2/15 runes: barnacled, slimy
a: Renounce Religion, Divine Shield, Cleansing Flame


You were on level 1 of the Crypt.
You worshipped the Shining One.
The Shining One was most pleased with you.
You visited 10 branches of the dungeon, and saw 44 of its levels.
You also visited: Sewer.

You collected 5075 gold pieces.
You spent 1736 gold pieces at shops.

Inventory:

Hand Weapons
 a - a +9 vorpal broad axe (weapon)
   (Trog gifted it to you on level 3 of the Shoals)
 b - a +1 broad axe of flaming
   (You found it on level 10 of the Dungeon)
 Q - a +5 vorpal broad axe
   (Trog gifted it to you on level 4 of the Spider Nest)
Missiles
 o - 2 silver javelins
 q - 26 javelins
 t - 2 silver boomerangs
 y - 12 curare-tipped darts
 C - a boomerang (quivered)
 F - 4 throwing nets
Armour
 h - the +2 cloak of the Thief (worn) {*Fog Slay-2 SInv Stlth+}
   (You acquired it on level 7 of the Dungeon)

   It may release a thick cloud of smoke when the wearer is hurt.
   Slay:      It affects your accuracy & damage with ranged weapons and melee
   (-2).
   SInv:      It lets you see invisible.
   Stlth:     It makes you more stealthy.
 P - quicksilver dragon scales (worn)
   (You found it on level 4 of the Lair of Beasts)
 S - a +2 pair of gloves of strength (worn)
   (You bought it in a shop on level 2 of the Orcish Mines)
 T - the +1 helmet "Diruf" (worn) {rElec rF+ Dex+6}
   (You bought it in a shop on level 2 of the Orcish Mines)

   Dex:       It affects your dexterity (+6).
   rF:        It protects you from fire.
   rElec:     It insulates you from electricity.
 Y - the +1 pair of boots of the Carpenter (worn) {rPois rCorr Int-5}
   (You found it on level 2 of the Lair of Beasts)

   Int:       It affects your intelligence (-5).
   rPois:     It protects you from poison.
   rCorr:     It protects you from acid and corrosion.
 Z - a +0 kite shield of reflection (worn)
   (You found it on level 2 of the Shoals)
Jewellery
 c - a ring of protection from cold (right hand)
   (You found it on level 12 of the Dungeon)
 f - a ring of protection from fire
   (You found it on level 1 of the Dungeon)
 m - a ring of willpower (left hand)
   (You took it off a deep elf sorcerer on level 3 of the Elven Halls)
 r - an amulet of guardian spirit (around neck)
   (You found it in a sewer)
Wands
 d - a wand of digging (8)
   (You found it on level 1 of the Shoals)
 A - a wand of iceblast (14)
   (You found it on level 9 of the Dungeon)
 B - a wand of quicksilver (3)
   (You found it on level 9 of the Dungeon)
 E - a wand of paralysis (20)
   (You found it on level 5 of the Dungeon)
 R - a wand of polymorph (2)
   (You took it off Maurice on level 2 of the Orcish Mines)
 U - a wand of mindburst (2)
   (You found it on level 1 of the Spider Nest)
Scrolls
 e - 4 scrolls of fog
 g - 4 scrolls of poison
 j - 17 scrolls of identify
 k - 9 scrolls of blinking
 s - 6 scrolls of magic mapping
 v - 11 scrolls of teleportation
 w - 3 scrolls of fear
 J - 8 scrolls of noise
 N - 2 scrolls of immolation
Potions
 i - 10 potions of haste
 l - 6 potions of heal wounds
 n - 3 potions of attraction
 p - 8 potions of might
 u - 4 potions of mutation
 x - 21 potions of curing
 z - 5 potions of magic
 G - 3 potions of ambrosia
 I - 3 potions of resistance
Miscellaneous
 H - a box of beasts
   (You found it on level 1 of the Lair of Beasts)
 L - a tin of tremorstones (inert)
   (You found it on level 1 of the Spider Nest)
 V - a phantom mirror
   (You found it on level 2 of the Spider Nest)


   Skills:
 - Level 16.0 Fighting
 - Level 18.0 Axes
 - Level 14.3 Throwing
 + Level 14.2 Armour
 - Level 10.9 Dodging
 - Level 11.6 Shields
 + Level 2.8 Spellcasting
 + Level 2.8 Translocations
 + Level 3.4 Invocations
 - Level 16.8 Evocations


You had 22 spell levels left.
You knew the following spells:

 Your Spells              Type           Power      Damage    Failure   Level
a - Apportation           Tloc           6%         N/A       34%         1
b - Blink                 Tloc           6%         N/A       47%         2

Your spell library contained the following spells:

 Spells                   Type           Power      Damage    Failure   Level
 Momentum Strike          Conj/Tloc      4%         3d8       67%         2
 Gell's Gravitas          Tloc           3%         N/A       71%         3
 Lesser Beckoning         Tloc           6%         N/A       71%         3
 Teleport Other           Tloc           3%         N/A       71%         3
 Foxfire                  Conj/Fire      0%         2x1d4     75%         1
 Kiss of Death            Conj/Necr      0%         2d5       75%         1
 Magic Dart               Conj           0%         1d3       75%         1
 Necrotise                Necr           0%         1d4       75%         1
 Sting                    Tmut/Pois      0%         1d3       75%         1
 Summon Small Mammal      Summ           0%         N/A       75%         1
 Call Imp                 Summ           0%         N/A       86%         2
 Poisonous Vapours        Pois/Air       0%         N/A       86%         2
 Static Discharge         Conj/Air       0%         2-2/arc   86%         2
 Wereblood                Tmut           0%         N/A       86%         2
 Portal Projectile        Hex/Tloc       4%         N/A       88%         3
 Vhi's Electric Charge    Tloc/Air       4%         N/A       88%         3
 Kindle Blastsparks       Fire/Tloc/Air  2%         2d10      93%         3
 Call Canine Familiar     Summ           0%         N/A       98%         3
 Confusing Touch          Hex            0%         N/A       98%         3
 Dazzling Flash           Conj/Hex       0%         N/A       98%         3
 Frozen Ramparts          Ice            0%         1d1       98%         3
 Mephitic Cloud           Conj/Pois/Air  0%         N/A       98%         3
 Ozocubu's Armour         Ice            0%         N/A       98%         3
 Dispel Undead            Necr           0%         3d6       100%        4
 Leda's Liquefaction      Hex/Erth       0%         N/A       100%        4
 Olgreb's Toxic Radiance  Pois           0%         N/A       100%        4
 Petrify                  Tmut/Erth      0%         N/A       100%        4
 Summon Lightning Spire   Summ/Air       0%         N/A       100%        4
 Agony                    Necr           0%         N/A       100%        5
 Alistair's Intoxication  Tmut/Pois      0%         N/A       100%        5
 Arcjolt                  Conj/Air       0%         1d10      100%        5
 Fireball                 Conj/Fire      0%         3d3       100%        5
 Lee's Rapid Deconstruct  Erth           0%         3d4*      100%        5
 Lightning Bolt           Conj/Air       0%         1d11      100%        5
 Metabolic Englaciation   Hex/Ice        0%         N/A       100%        5
 Silence                  Hex/Air        0%         N/A       100%        5
 Summon Forest            Summ/Tloc      1%         N/A       100%        5
 Summon Mana Viper        Hex/Summ       0%         N/A       100%        5
 Death Channel            Necr           0%         N/A       100%        6
 Dispersal                Tloc           1%         N/A       100%        6
 Starburst                Conj/Fire      0%         6d3       100%        6
 Summon Cactus Giant      Summ           0%         N/A       100%        6
 Monstrous Menagerie      Summ           0%         N/A       100%        7
 Storm Form               Tmut/Air       0%         N/A       100%        7
 Summon Hydra             Summ           0%         N/A       100%        7
 Maxwell's Capacitive Co  Air            0%         ∞         100%        8
 Summon Horrible Things   Summ           0%         N/A       100%        8
 Fire Storm               Conj/Fire      0%         5d1       100%        9
 Cigotuvi's Dreadful Rot  Necr/Pois/Air  Unusable   N/A       N/A         2
 Sublimation of Blood     Necr           Unusable   N/A       N/A         2
 Statue Form              Tmut/Erth      Unusable   N/A       N/A         6

Dungeon Overview and Level Annotations

Branches:
Dungeon (15/15)            Temple (1/1) D:7            Lair (5/5) D:9
 Shoals (4/4) Lair:3       Spider (4/4) Lair:2        Slime (5/5) Lair:5
    Orc (2/2) D:12            Elf (3/3) Orc:2        Vaults (4/5) D:13
  Crypt (1/3) Vaults:2     Depths (0/4) D:15          Sewer (visited)

Altars:
Elyvilon
Gozag
Kikubaaqudgha
Makhleb
Nemelex Xobeh
Sif Muna
Vehumet
Wu Jian
Xom
Zin
The Shining One
Jiyva
Lugonu

Shops:
D:2 (   Orc:1 (   Orc:2 [:!:   Elf:1 *   Elf:2 [   Shoals:1 [   Vaults:2 [
Vaults:4 (

Portals:
Abyss: D:5 D:13

Annotations:
D:7 1 runed translucent door, DEFE's ghost, novice HuFi
D:12 2 transporters, initializr's ghost, journeyman TeFE
D:13 2 runed translucent doors
Lair:5 exclusion: obsidian statue
Shoals:2 2 runed translucent doors, Qeucad's ghost, adept DDNe
Shoals:3 1 runed translucent door, Jeot's ghost, adept DECj
Shoals:4 exclusion: kraken
Spider:4 Bai Suzhen; Mara


Innate Abilities, Weirdness & Mutations

You are immune to sickness and miasma.
Your stone body is resilient. (AC +16)
You are immune to poison.
Your large and strong wings let you fly.
You resist negative energy. (rN+)
You are resistant to electric shocks. (rElec)
You are resistant to unholy torment.
You are immune to petrification.


Message History

Things that are here:
a +0 long sword; a +0 glaive; a +0 chain mail Trog sends monsters to punish you.
A cyclops, 2 stone giants, an ogre and 2 polar bears come into view.
The ogre misses you. The ogre attacks as you move away!
The ogre closely misses you.
Your shield is strengthened by the Shining One's divine power.
You hear an angry growl.
You feel your willpower return. The stone giant hits you!!
You slash the stone giant!
The stone giant is lightly wounded.
The stone giant hits you!
You slice the stone giant!!
The stone giant is moderately wounded.
The stone giant misses you.
The stone giant hits you but does no damage.
You slash the stone giant!
The stone giant is heavily wounded.
The stone giant hits you!!
You slice the stone giant!!
The stone giant is severely wounded.
You block the stone giant's attack.
You slash the stone giant!
The stone giant is severely wounded.
The stone giant hits you!
You slash the stone giant!
The stone giant is almost dead.
The stone giant closely misses you.
You completely miss the stone giant.
The stone giant is almost dead.
You block the stone giant's attack.
You hear an angry growl.
The stone giant hits you!!
* * * LOW HITPOINT WARNING * * *
Unknown command.
You feel much better.
The cyclops rages.
The ogre rages.
You block the stone giant's attack.
Unknown command.
Unknown command.
You hit the stone giant.
The stone giant is almost dead.
The polar bear rages.
The stone giant rages.
The stone giant hits you.
You slash the stone giant!
You kill the stone giant!
That felt strangely unrewarding.
The stone giant hits you but does no damage.
The tremorstone explodes into fragments!
The burst of rock shards engulfs the polar bear!
The burst of rock shards engulfs the cyclops!
The burst of rock shards engulfs the ogre!!
The burst of rock shards engulfs the polar bear!
The burst of rock shards engulfs the stone giant but does no damage.
The burst of rock shards engulfs the polar bear!
The burst of rock shards engulfs the ogre!!
The burst of rock shards engulfs the cyclops!
The burst of rock shards engulfs the stone giant but does no damage.
The burst of rock shards engulfs the polar bear! x2
The burst of rock shards engulfs the stone giant!
The burst of rock shards engulfs the ogre!
You kill the ogre!
That felt strangely unrewarding.
The burst of rock shards engulfs the cyclops.
The burst of rock shards engulfs you but does no damage.
The burst of rock shards engulfs the polar bear!
The burst of rock shards engulfs the polar bear!!
The burst of rock shards engulfs the cyclops!
The burst of rock shards engulfs the polar bear!
The burst of rock shards engulfs the stone giant but does no damage.
The burst of rock shards engulfs the polar bear! x2
You kill the polar bear!
That felt strangely unrewarding.
The burst of rock shards engulfs the cyclops!
The tin is emptied!
The polar bear rages.
You block the stone giant's attack.
Unknown command.
Unknown command.
You slice the stone giant!!
The stone giant is moderately wounded.
The stone giant hits you but does no damage.
You completely miss the stone giant.
The stone giant is moderately wounded.
The polar bear rages.
You block the stone giant's attack. The stone giant barely misses you.
You slash the stone giant!
The stone giant is moderately wounded.
The stone giant hits you!!
* * * LOW HITPOINT WARNING * * *
With a swish of your cloak, you release a cloud of fog.
Unknown command.
You hit the stone giant.
The stone giant is heavily wounded.
The stone giant completely misses you.
You slice the stone giant!!
The stone giant is severely wounded.
The stone giant hits you!!!
You die...

.++.....................##...####
.##........#...####..........'...
........#+##..........)##....##..
......###...............#....##..
......# #...............#........
......##...........[.............
....####...##+#####÷.............
........... #.####§..............
........... #.§§@Ch..............
....###.... ######C..............
....# ... #....######.....
......# ## #....# ###### #+###.#
#....# # ... #....# # #.# #....#
.# ######


You could see a stone giant (berserk), a cyclops (berserk) and a polar bear
(berserk).

Vanquished Creatures
  the Royal Jelly (Slime:5)
  Saint Roka (Elf:3)
  A deep elf master archer (Elf:3)
  A deep elf blademaster (Elf:3)
  2 sphinxes
  11 acid blobs
  Frances (Spider:1)
  8 azure jellies
  3 revenants (Crypt:1)
  9 rockslimes
  7 deep elf sorcerers (Elf:3)
  2 frost giants
  An emperor scorpion (Spider:2)
  6 vault wardens
  Louise (D:15)
  A deep elf elementalist (Elf:3)
  6 quicksilver oozes
  A curse skull (Crypt:1)
  3 orc warlords
  A war gargoyle (Vaults:4)
  2 stone giants (Crypt:1)
  2 broodmothers
  4 ghouls (Crypt:1)
  9 ironbound preservers
  3 very ugly things (Vaults:2)
  3 ironbound thunderhulks
  3 vampire knights (Crypt:1)
  11 deep elf annihilators (Elf:3)
  A rockslime zombie (Crypt:1)
  7 deep elf demonologists
  2 spark wasps (Spider:2)
  12 dire elephants
  4 deep elf death magi
  4 merfolk javelineers (Shoals:4)
  An ettin (Vaults:2)
  3 jiangshi (Crypt:1)
  6 merfolk impalers
  7 great orbs of eyes
  Josephine (Lair:3)
  3 entropy weavers
  6 yaktaur captains
  7 deep elf high priests (Elf:3)
  A peacekeeper (Vaults:4)
  4 hydras
  A merfolk aquamancer (Shoals:3)
  5 ogre magi
  A jorogumo (Spider:4)
  6 centaur warriors
  2 catoblepae
  4 ironbound frosthearts
  Erica (Lair:2)
  8 boulder beetles
  3 satyrs
  3 alligator snapping turtles
  2 radroaches
  A death knight (Crypt:1)
  3 merfolk avatars
  25 two-headed ogres
  4 death yaks
  2 tengu warriors (D:15)
  3 vampire magi
  16 dancing weapons
  Urug (Lair:5)
  16 deep elf knights
  10 skeletal warriors (Crypt:1)
  28 deep trolls
  13 sea snakes
  10 pharaoh ants
  A spectral anaconda (Lair:5)
  2 steelbarb worms
  6 orb spiders
  A flayed ghost (Crypt:1)
  14 deep elf archers
  A glowing orange brain (Slime:5)
  7 wizards
  12 harpies
  3 phantasmal warriors
  5 necromancers
  20 deep elf pyromancers
  23 ugly things
  7 ironbound convokers
  An orc sorcerer (D:15)
  12 wolf spiders
  5 oklob plants (Lair:5)
  8 orc knights
  26 deep elf zephyrmancers
  21 fauns
  3 shining eyes (Slime:5)
  12 cyclopes
  4 moths of wrath
  18 manticores
  3 black mambas
  8 elephants
  A centaur zombie (D:15)
  Maurice (Orc:2)
  An elephant (shapeshifter) (D:13)
  6 vault sentinels
  14 merfolk sirens
  A naga mage (D:15)
  A dire elephant zombie (Lair:5)
  4 water nymphs
  Maggie (Lair:2)
  3 gargoyles
  7 torpor snails
  A frost giant skeleton (Crypt:1)
  8 cane toads
  3 centaur skeletons (D:15)
  An unseen horror (D:12)
  A rime drake (shapeshifter) (Elf:3)
  22 yaktaurs
  2 freezing wraiths (Crypt:1)
  2 efreet
  5 demonic crawlers
  10 komodo dragons
  2 kobold demonologists (D:13)
  An unseen horror skeleton (Crypt:1)
  12 trolls
  A hydra zombie (Crypt:1)
  3 meliai (D:14)
  5 wind drakes
  6 polar bears
  19 merfolk
  A wolf spider simulacrum (D:15)
  A spectral elephant (Lair:5)
  28 tarantellas
  52 slime creatures
  3 blink frogs (Lair:3)
  2 hornets
  8 snapping turtles
  11 dream sheep
  10 jumping spiders
  3 air elementals
  4 shadows
  15 culicivoras
  8 wyverns
  11 water elementals
  3 vampires (Vaults:2)
  8 wraiths
  3 golden eyes
  27 yaks
  5 basilisks
  A steam dragon (Lair:1)
  2 fire elementals
  34 redbacks
  13 vampire mosquitoes
  2 death yak simulacra (Lair:5)
  4 wargs
  4 swamp worms (Lair:2)
  A deep troll zombie (Crypt:1)
  2 acid dragons (D:10)
  12 water moccasins
  2 floating eyes
  16 orc warriors
  Pargi (Sewer)
  A swamp drake (D:9)
  5 black bears
  2 ice beasts
  2 elephant zombies (Lair:5)
  A hornet zombie (D:15)
  3 wolves (Lair:5)
  24 ogres
  7 centaurs
  A phantom (D:6)
  A hog skeleton (Crypt:1)
  6 kobold brigands
  7 bullfrogs
  3 scorpions
  2 earth elementals (Elf:2)
  4 necrophages
  A cane toad simulacrum (Lair:5)
  15 killer bees
  An elephant simulacrum (Lair:5)
  A polar bear zombie (Crypt:1)
  2 electric eels (Spider:2)
  2 howler monkeys
  A lava snake (Lair:5)
  A wolf skeleton (Crypt:1)
  12 orc priests
  4 hounds
  A jelly (D:6)
  2 gnoll boudas
  An iguana (D:5)
  16 orc wizards
  Natasha (thrice) (D:3)
  4 hell rats (Lair:3)
  4 adders
  14 gnolls
  A river rat (D:3)
  A shadow imp (D:6)
  An ufetubus (D:4)
  3 dart slugs
  39 orcs
  10 endoplasms
  4 giant cockroaches
  5 goblins
  3 quokkas (D:1)
  6 ball pythons
  3 bats
  8 frilled lizards
  21 kobolds
  5 rats
  8 briar patches (Lair:2)
  A bush (Lair:5)
1278 creatures vanquished.

Vanquished Creatures (collateral kills)
  Frederick (Vaults:2)
  Rupert (Lair:3)
  Mlioglotl (Lair:2)
  An acid blob (Slime:5)
  Roxanne (Spider:1)
  3 rockslimes (Slime:5)
  2 deep elf sorcerers (Elf:3)
  An orc warlord (Vaults:4)
  A deep elf death mage (Elf:3)
  A deep elf high priest (Elf:3)
  A merfolk javelineer (Shoals:4)
  A merfolk impaler (Shoals:4)
  An ironbound frostheart (Vaults:4)
  A two-headed ogre (D:15)
  4 death yaks (Lair:4)
  2 manticores (Shoals:4)
  A faun (Shoals:3)
  A merfolk siren (Shoals:3)
  A yaktaur (Vaults:2)
  A jumping spider (Spider:1)
  2 slime creatures (Slime:5)
  3 yaks (Lair:3)
  A centaur (Lair:3)
33 creatures vanquished.

Vanquished Creatures (others)
  A dancing weapon (Elf:3)
  An orb spider (Spider:1)
  A wizard (Vaults:3)
  A deep elf zephyrmancer (Elf:3)
  An ugly thing (Vaults:3)
  A manticore (Shoals:4)
  An elephant (Lair:5)
  13 fungi
  A lurking horror (D:5)
  51 plants
  4 tentacles (Shoals:2)
  28 withered plants
104 creatures vanquished.

Grand Total: 1415 creatures vanquished

Notes
Turn   | Place    | Note
-------+----------+-------------------------------------------
     0 | D:1      | magipi the Gargoyle Berserker began the quest for the Orb.
     0 | D:1      | Reached XP level 1. HP: 14/14 MP: 1/1
   115 | D:1      | Reached XP level 2. HP: 19/19 MP: 2/2
   147 | D:1      | Reached skill level 3 in Axes
   247 | D:1      | You fall into a shaft and drop 1 floor!
   304 | D:2      | Found Xadghuhe's Weapon Emporium.
   503 | D:2      | Reached XP level 3. HP: 23/23 MP: 3/3
   812 | D:3      | Reached XP level 4. HP: 25/29 MP: 4/4
   832 | D:3      | Noticed Natasha
   848 | D:3      | Killed Natasha
   848 | D:3      | Reached ** piety under Trog
   984 | D:3      | Reached XP level 5. HP: 33/33 MP: 5/5
   987 | D:3      | Reached skill level 4 in Axes
  1012 | D:3      | Found a glowing drain.
  1016 | Sewer    | Entered a sewer
  1066 | Sewer    | Noticed Pargi
  1080 | Sewer    | Killed Pargi
  1081 | Sewer    | Reached XP level 6. HP: 39/39 MP: 6/6
  1163 | D:3      | Noticed Natasha
  1180 | D:3      | Killed Natasha
  1185 | D:3      | Noticed Natasha
  1202 | D:3      | Killed Natasha
  1479 | D:4      | Reached skill level 5 in Axes
  1584 | D:4      | Noticed an ice beast
  1604 | D:4      | Killed an ice beast
  1605 | D:4      | Reached skill level 5 in Fighting
  1605 | D:4      | Reached XP level 7. HP: 44/44 MP: 7/7
  1734 | D:4      | Reached skill level 1 in Throwing
  1888 | D:5      | Entered Level 5 of the Dungeon
  2064 | D:6      | Reached skill level 6 in Axes
  2069 | D:6      | Reached skill level 1 in Evocations
  2071 | D:6      | Reached *** piety under Trog
  2072 | D:6      | Reached skill level 5 in Armour
  2072 | D:6      | Reached XP level 8. HP: 49/49 MP: 8/8
  2398 | D:5      | Found a one-way gate to the infinite horrors of the Abyss.
  2398 | D:5      | Found a corrupted altar of Lugonu.
  2683 | D:7      | Reached skill level 7 in Axes
  2778 | D:7      | Identified a scroll of acquirement
  2778 | D:7      | Acquired the +2 cloak of the Thief {*Fog Slay-2 SInv
                  | Stlth+}
  2778 | D:7      | Found the +2 cloak of the Thief {*Fog Slay-2 SInv Stlth+}
  2902 | D:7      | Found a staircase to the Ecumenical Temple.
  2994 | D:7      | Found a runed translucent door.
  2998 | D:7      | Noticed DEFE's ghost (novice HuFi)
  3104 | D:8      | Noticed a boulder beetle
  3140 | D:8      | Killed a boulder beetle
  3141 | D:8      | Reached XP level 9. HP: 30/54 MP: 6/9
  3454 | D:9      | Reached skill level 8 in Axes
  3556 | D:10     | Entered Level 10 of the Dungeon
  3654 | D:10     | Reached **** piety under Trog
  3772 | D:10     | Reached XP level 10. HP: 42/59 MP: 8/10
  3793 | D:10     | Reached skill level 9 in Axes
  3926 | D:10     | Reached skill level 5 in Throwing
  4448 | D:11     | Reached skill level 5 in Evocations
  4702 | D:11     | Noticed a manticore
  4718 | D:11     | Killed a manticore
  4728 | D:11     | Noticed a purple ugly thing
  4748 | D:11     | Killed a purple ugly thing
  4749 | D:11     | Reached skill level 10 in Axes
  4749 | D:11     | Reached XP level 11. HP: 66/66 MP: 9/11
  4769 | D:11     | Noticed a two-headed ogre
  4778 | D:11     | Killed a two-headed ogre
  5150 | D:12     | Noticed a deep elf pyromancer
  5158 | D:12     | Killed a deep elf pyromancer
  5180 | D:12     | Noticed a boulder beetle
  5210 | D:12     | Killed a boulder beetle
  5249 | D:12     | Found a transporter.
  5251 | D:12     | Found a transporter.
  5252 | D:12     | Noticed initializr's ghost (journeyman TeFE)
  5273 | D:12     | Noticed a boulder beetle
  5289 | D:12     | Killed a boulder beetle
  5410 | D:12     | Found a staircase to the Orcish Mines.
  5437 | D:12     | Noticed a cyclops
  5443 | D:12     | Noticed a manticore
  5443 | D:12     | Noticed a cyclops
  5451 | D:12     | Reached skill level 11 in Axes
  5451 | D:12     | Killed a manticore
  5458 | D:12     | Killed a cyclops
  5463 | D:12     | Killed a cyclops
  5464 | D:12     | Reached XP level 12. HP: 26/73 MP: 4/12
  5712 | D:12     | Noticed a boulder beetle
  5733 | D:12     | Killed a boulder beetle
  5986 | D:10     | Found a white marble altar of Elyvilon.
  6228 | D:9      | Found a staircase to the Lair.
  6255 | Lair:1   | Entered Level 1 of the Lair of Beasts
  6286 | Lair:1   | Reached ***** piety under Trog
  6773 | Lair:2   | Noticed a four-headed hydra
  6775 | Lair:2   | Noticed Erica
  6796 | Lair:2   | Killed a one-headed hydra
  6797 | Lair:2   | Reached skill level 10 in Armour
  6812 | Lair:2   | Killed Erica
  6813 | Lair:2   | Reached skill level 12 in Axes
  6985 | Lair:2   | Found a hole to the Spider Nest.
  7085 | Lair:2   | Noticed Maggie
  7116 | Lair:2   | Killed Maggie
  7204 | Lair:2   | Found a transporter.
  7220 | Lair:2   | Found a transporter.
  7322 | Lair:3   | Noticed Josephine
  7374 | Lair:3   | Killed Josephine
  7379 | Lair:3   | Reached XP level 13. HP: 68/80 MP: 10/13
  7636 | Lair:3   | Received a gift from Trog
  7751 | Lair:3   | Found a staircase to the Shoals.
  7781 | Lair:3   | Noticed Rupert
  7788 | Lair:3   | Killed Rupert
  7789 | Lair:3   | Reached skill level 13 in Axes
  7867 | Lair:3   | Reached skill level 10 in Fighting
  8704 | Orc:1    | Entered Level 1 of the Orcish Mines
  8772 | Orc:2    | Entered Level 2 of the Orcish Mines
  9052 | Orc:2    | Gained mutation: Your large and strong wings let you fly.
                  | [Gargoyle growth]
  9052 | Orc:2    | Reached XP level 14. HP: 63/88 MP: 10/14
  9112 | Orc:1    | Found Zutuqamo's Weapon Shoppe.
  9210 | Orc:2    | Reached skill level 14 in Axes
  9405 | Orc:2    | Noticed Maurice
  9438 | Orc:2    | Killed Maurice
  9512 | Orc:2    | Found Dineg's Distillery.
  9517 | Orc:2    | Found Soxzoju's Armour Shoppe.
  9625 | Orc:2    | Found a staircase to the Elven Halls.
  9626 | Orc:2    | Found a burning altar of Makhleb.
  9634 | Orc:2    | Received a gift from Trog
  9758 | Orc:1    | Noticed an orc warlord
  9773 | Orc:1    | Killed an orc warlord
  9895 | Orc:2    | Found Byacui's Book Shop.
  9896 | Orc:2    | Found Qeenaeho's Book Shop.
  9992 | Orc:2    | Bought 2 potions of curing for 78 gold pieces
  9992 | Orc:2    | Bought a potion of curing for 39 gold pieces
  9992 | Orc:2    | Bought 2 potions of haste for 260 gold pieces
  9992 | Orc:2    | Bought a potion of curing for 39 gold pieces
  9997 | Orc:2    | Bought a +0 pair of gloves of strength for 161 gold pieces
  9997 | Orc:2    | Bought the +1 helmet "Diruf" {rElec rF+ Dex+6} for 603 gold
                  | pieces
 10018 | Orc:2    | Upgraded the game from 0.30-a0-465-g8901f6c8b5 to
                  | 0.30-a0-469-g84de5afbc5
 10253 | D:13     | Identified the +7 dagger "Buupiuz" {distort, rN+}
 10253 | D:13     | Identified the +0 robe of the Learner {rPois rC- rN+++
                  | Str-5}
 10480 | D:13     | Found a gate to the Vaults.
 10480 | D:13     | Noticed an ironbound preserver
 10494 | D:13     | Killed an ironbound preserver
 10560 | D:13     | Found a large runed translucent door.
 10560 | D:13     | Found a large runed translucent door.
 10774 | D:14     | Found a shimmering altar of Xom.
 10776 | D:14     | Found a sparkling altar of Nemelex Xobeh.
 10776 | D:14     | Found a white marble altar of Elyvilon.
 10798 | D:14     | Reached skill level 10 in Throwing
 10803 | D:14     | Found a radiant altar of Vehumet.
 10803 | D:14     | Found a radiant altar of Vehumet.
 10803 | D:14     | Found an ornate altar of the Wu Jian Council.
 10989 | D:14     | Reached skill level 15 in Axes
 11051 | D:14     | Reached skill level 10 in Evocations
 11059 | D:14     | Reached XP level 15. HP: 62/92 MP: 13/15
 11417 | D:15     | Entered Level 15 of the Dungeon
 11689 | D:15     | Reached skill level 5 in Dodging
 11707 | D:15     | Noticed Louise
 11718 | D:15     | Killed Louise
 11926 | D:15     | Found a staircase to the Depths.
 11945 | D:15     | Reached skill level 1 in Shields
 12207 | D:15     | Reached skill level 16 in Axes
 12277 | D:15     | Upgraded the game from 0.30-a0-469-g84de5afbc5 to
                  | 0.30-a0-533-g4794bfbd1c
 12560 | Spider:1 | Entered Level 1 of the Spider Nest
 12563 | Spider:1 | Noticed Roxanne
 12577 | Spider:1 | Killed Roxanne
 12853 | Spider:1 | Noticed Mlioglotl
 12869 | Lair:2   | Killed Mlioglotl
 12975 | Spider:1 | Noticed Frances
 12994 | Spider:1 | Killed Frances
 13039 | Spider:1 | Reached XP level 16. HP: 27/97 MP: 5/16
 13234 | Spider:1 | Reached skill level 5 in Shields
 13309 | Spider:1 | Got the Codex of Production
 13828 | Spider:1 | Reached skill level 17 in Axes
 13876 | Spider:2 | Identified the +8 hand axe of Magnificence {protect, rF++}
 14955 | Spider:4 | Entered Level 4 of the Spider Nest
 15139 | Spider:4 | Received a gift from Trog
 15162 | Spider:4 | Noticed Mara
 15276 | Shoals:1 | Entered Level 1 of the Shoals
 15293 | Shoals:1 | Found Taitutim's Armour Emporium.
 15480 | Shoals:1 | Reached ****** piety under Trog
 15481 | Shoals:1 | Reached XP level 17. HP: 93/102 MP: 15/17
 15496 | Shoals:1 | Reached skill level 18 in Axes
 16492 | Shoals:2 | Found a large runed translucent door.
 16492 | Shoals:2 | Found a large runed translucent door.
 16497 | Shoals:2 | Noticed a kraken
 16503 | Shoals:2 | Noticed Qeucad's ghost (adept DDNe)
 16857 | Shoals:2 | Received a gift from Trog
 17175 | Shoals:3 | Reached skill level 10 in Shields
 17295 | Shoals:3 | Reached skill level 10 in Dodging
 17548 | Shoals:3 | Found a runed translucent door.
 17548 | Shoals:3 | Found a shimmering altar of Xom.
 17548 | Shoals:3 | Identified the +8 lajatang "Vocigig" {chaos, Will+}
 17548 | Shoals:3 | Noticed Jeot's ghost (adept DECj)
 17733 | Shoals:3 | Identified the +9 trident "Cickong" {drain, rCorr}
 17742 | Shoals:3 | Received a gift from Trog
 17788 | Shoals:3 | Upgraded the game from 0.30-a0-533-g4794bfbd1c to
                  | 0.30-a0-540-g0af01429fa
 17792 | Shoals:4 | Entered Level 4 of the Shoals
 18196 | Shoals:4 | Found the +3 Elemental Staff {rElec rF++ rC++ AC+5}
 18279 | Shoals:4 | Noticed a kraken
 18468 | Shoals:4 | Got the Folio of Stony Flames
 18729 | Shoals:4 | Reached XP level 18. HP: 80/110 MP: 15/18
 18883 | Shoals:4 | Got a barnacled rune of Zot
 19471 | Elf:1    | Entered Level 1 of the Elven Halls
 19488 | Elf:1    | Received a gift from Trog
 19573 | Elf:1    | Paralysed by an air elemental for 1 turns
 19912 | Elf:1    | Received a gift from Trog
 19964 | Elf:1    | Found Orcheq's Assorted Antiques.
 19970 | Elf:1    | Bought a potion of heal wounds for 140 gold pieces
 19970 | Elf:1    | Bought a potion of might for 112 gold pieces
 19970 | Elf:1    | Bought a scroll of teleportation for 84 gold pieces
 20284 | Elf:2    | Paralysed by an air elemental for 1 turns
 20467 | Elf:2    | Found Tygyar's Armour Emporium.
 20483 | Elf:2    | Paralysed by an air elemental for 1 turns
 20525 | Elf:2    | Identified the ring of Foolhardiness {Fly Str+3}
 20646 | Elf:2    | Found an ancient bone altar of Kikubaaqudgha.
 20743 | Elf:3    | Entered Level 3 of the Elven Halls
 20936 | Elf:3    | Received a gift from Trog
 20956 | Elf:2    | Found a shimmering blue altar of Sif Muna.
 21323 | Elf:3    | Noticed Saint Roka
 21338 | Elf:3    | Killed Saint Roka
 21339 | Elf:3    | Reached XP level 19. HP: 78/120 MP: 9/19
 21959 | Elf:3    | Received a gift from Trog
 21982 | Elf:3    | Identified the +9 dagger of Classification {drain, Fragile
                  | Str+2 Dex+4 Stlth+}
 21982 | Elf:3    | Identified the amulet "Wib Hop" {rPois Regen+ Str-4 Int+2}
 22046 | Elf:3    | Noticed a Hell Sentinel
 22297 | Elf:3    | Noticed a Brimstone Fiend
 22308 | Elf:3    | Reached skill level 15 in Fighting
 22372 | Elf:3    | Got the Parchment of Interference
 22571 | Elf:3    | Got Reoten's Tome of the Frigid Sky
 22705 | Elf:3    | Received a gift from Trog
 23113 | Lair:2   | Identified the +2 pair of boots of Gravity {Rampage rF-
                  | Int+5}
 23114 | Lair:2   | Identified the +1 pair of boots of the Carpenter {rPois
                  | rCorr Int-5}
 23204 | Lair:5   | Entered Level 5 of the Lair of Beasts
 23213 | Lair:5   | Noticed Urug
 23235 | Lair:5   | Killed Urug
 23243 | Lair:5   | Paralysed by a floating eye for 4 turns
 23342 | Lair:5   | Found a staircase to the Slime Pits.
 23342 | Lair:5   | Found a viscous altar of Jiyva.
 23531 | Lair:5   | Found a frozen archway.
 23753 | Lair:5   | Received a gift from Trog
 23822 | Lair:5   | Reached skill level 15 in Evocations
 24258 | Slime:1  | Entered Level 1 of the Pits of Slime
 24445 | Slime:2  | Reached XP level 20. HP: 65/129 MP: 5/20
 24861 | Slime:5  | Entered Level 5 of the Pits of Slime
 25086 | Slime:5  | Received a gift from Trog
 25150 | Slime:5  | Found a viscous altar of Jiyva.
 25150 | Slime:5  | Noticed the Royal Jelly
 25351 | Slime:5  | Killed the Royal Jelly
 25792 | Slime:5  | Got a slimy rune of Zot
 25793 | Slime:5  | Identified the +11 quarterstaff of Conformity {flame,
                  | +Blink rF+ MP-9}
 25824 | Slime:5  | Identified the +1 plate armour "Bimpok" {+Blink rPois
                  | Dex-3}
 25838 | Slime:5  | Got the Guide on Conjuring and the Snake
 26296 | Spider:4 | Noticed Bai Suzhen
 26602 | Vaults:1 | Entered Level 1 of the Vaults
 26811 | Vaults:2 | Noticed Frederick
 26829 | Vaults:2 | Killed Frederick
 26887 | Vaults:2 | Received a gift from Trog
 27559 | Vaults:4 | Reached XP level 21. HP: 136/136 MP: 21/21
 28388 | Vaults:4 | Found Vuefywn's Weapon Shop.
 28620 | Vaults:4 | Identified the +0 robe of the Land of Plenty {Drain rC+
                  | Dex+5 Archmagi}
 29081 | Vaults:2 | Received a gift from Trog
 29631 | Vaults:2 | Found Imaborof's Armour Shop.
 29951 | Vaults:2 | Found a staircase to the Crypt.
 30321 | Temple   | Entered the Ecumenical Temple
 30327 | Temple   | Fell from the grace of Trog
 30327 | Temple   | Became a worshipper of the Shining One
 30334 | Temple   | Acquired a manual of Armour
 30340 | Temple   | Learned a level 1 spell: Apportation
 30540 | Orc:2    | Bought a book of Spatial Translocations for 220 gold pieces
 30543 | Orc:2    | Learned a level 2 spell: Blink
 30731 | Crypt:1  | Entered Level 1 of the Crypt
 30774 | Crypt:1  | Reached skill level 1 in Invocations
 30793 | Crypt:1  | Reached * piety under the Shining One
 30794 | Crypt:1  | Reached skill level 1 in Spellcasting
 30794 | Crypt:1  | Reached skill level 1 in Translocations
 30901 | Crypt:1  | Reached ** piety under the Shining One
 31075 | Crypt:1  | Reached *** piety under the Shining One
 31254 | Crypt:1  | Slain by a stone giant

Illustrated notes

Levels and vault maps discovered:
D:1:      minmay_arrival_up_and_down, layout_loops_ring, minmay_pentomino_q2
D:2:      layout_basic, serial_shops, nicolae_lakefront_shop,
          minmay_misc_feat_tower
D:3:      layout_rooms, gup_sewer_entry_spiral, moated_statue, uniq_natasha
D:4:      layout_cave_pools, bh_walls_and_bars
D:5:      layout_basic, minmay_crystal_water, amcnicky_altar_lugonu_corruption
D:6:      layout_basic
D:7:      layout_loops_ring, nicolae_hepliaklqana_hippocampus,
          minmay_temple_entry_overgrown, ebering_ghost_reflecting_pool,
          eino_tiny_chamber
D:8:      layout_cave_pods, mainiacjoe_overflow_surrounded_room
D:9:      layout_long_grid, erik_lair_dragon
D:10:     layout_roguey, marbit_many_paths, minmay_circle_x
D:11:     layout_irregular_city, nrook_loot_triangle, minmay_misc_feat_doors
D:12:     layout_irregular_city, orc_0_dummy, gammafunk_ghost_hive,
          nzn_sisyphean_effort, uniq_nessos
D:13:     due_chaos_kobolds, layout_loops_ring, skrybe_vaults_entry_preservation
D:14:     layout_loops_cross, doesnt_xom_only_xom
D:15:     grunt_enter_depths_magical_seal, layout_gridville, uniq_louise
Temple:   nicolae_temple_bog_church
Lair:1:   layout_roguey
Lair:2:   gammafunk_worm_tunnel, layout_chaotic_city,
          nicolae_spider_entry_orb_guardian, columned_hall_lemuel,
          nicolae_quartered_pool_impasse, pond, uniq_maggie, uniq_erica
Lair:3:   layout_gridlike, minmay_shoals_entry_centaurs, uniq_josephine,
          uniq_rupert
Lair:4:   layout_cave_pods, infiniplex_staircase_pool_2, serial_bayou_shore_a,
          lemuel_fruit_fields
Lair:5:   due_jungle_book, layout_gridlike, slime_entry_1,
          portal_ice_cave_entry_pillars_2, minmay_hedge_maze, disabler_island,
          lemuel_fruit_tree, uniq_urug
Shoals:1: layout_shoals, nicolae_shoals_c_island
Shoals:2: layout_shoals, ebering_ghost_disaster_area, argonaut_gorgonesque
Shoals:3: layout_shoals, ebering_ghost_xom
Shoals:4: shoals_end_grunt_ice, layout_shoals
Spider:1: layout_spider_delve, uniq_roxanne, uniq_mlioglotl, uniq_frances
Spider:2: layout_spider_delve, nicolae_spider_paper_wasps
Spider:3: layout_spider_delve
Spider:4: spider_rune_water, gammafunk_ghost_necromancy, guppyfry_hornet_nest,
          uniq_mara, uniq_aizul, uniq_bai_suzhen
Slime:1:  layout_caves
Slime:2:  layout_caves
Slime:3:  layout_caves
Slime:4:  cheibrodos_slime_lost_civilization_2, layout_caves
Slime:5
Orc:1:    layout_diamond_mine, serial_shops,
          nicolae_shop_temple_entry_statues_fountains
Orc:2:    st_orc_open, layout_caves, bloody_makhleb, uniq_maurice
Elf:1:    nicolae_elf_arrival_fired_up, layout_loops_ring, serial_shops,
          nicolae_shop_trees, hangedman_elven_crosses_minicolossus
Elf:2:    elven_hall_of_blades_hangedman_alternative
          [nicolae_blade_entry_crossed_weapons], layout_geoelf_octagon,
          basic_altar, serial_shops, nicolae_shop_stone, lemuel_upstairs_altar
Elf:3:    nooodl_elf_gasket, layout_onion_city, mu_enter_wizlab_5,
          uniq_saint_roka
Vaults:1: vaults_mumra_bighexcomb, hangedman_vaults_corner_blocks,
          nicolae_vaults_big_ls, hangedman_vaults_slice,
          ontoclasm_vaults_hangar, nicolae_vaults_rhombus_7,
          hangedman_vaults_capsules, v_alt_pattern_4, v_misc_23,
          vaults_dpeg_cross, v_misc_28, v_alt_pattern_3,
          nicolae_vaults_little_squares_3, grunt_vaults_diagonal,
          layout_vaults_maze_snakey, enter_trove_3
Vaults:2: minmay_crypt_entry_vampire_xt, vaults_dpeg_spiral, v_pattern_4,
          hangedman_vaults_hat, v_rooms_1, v_misc_14, hangedman_vaults_nails,
          nicolae_vaults_specimen_jars, ontoclasm_vaults_misaligned,
          vaults_standard_mumra_enter_the_diamond, layout_vaults_ring,
          serial_shops, nicolae_shop_waterfront, uniq_frederick
Vaults:3: vaults_room_fancy_cross, vaults_dpeg_diagonal, ontoclasm_vaults_echo,
          v_misc_9, ontoclasm_vaults_claustrophobia,
          nicolae_vaults_three_branches, nicolae_vaults_network_s,
          ontoclasm_vaults_hangar, ontoclasm_vaults_idyll,
          nicolae_vaults_network_square, nicolae_vaults_network_quinsquares
          [nicolae_vaults_network_quincunx_subvault,
          nicolae_vaults_network_quincunx_subvault,
          nicolae_vaults_network_quincunx_subvault,
          nicolae_vaults_network_quincunx_subvault],
          hangedman_vaults_stretched_pinwheel, nicolae_vaults_little_squares_1,
          nicolae_vaults_ring_of_whatevers, nicolae_vaults_bisected_exclaves,
          layout_vaults_omnibox
Vaults:4: nicolae_vaults_diagonal_hallway_8, v_misc_12,
          nicolae_vaults_little_ls, v_misc_24, vaults_standard_mumra_lines,
          v_misc_2, nicolae_vaults_hallways_thing, v_misc_26,
          hangedman_vaults_cutoff, v_alt_pattern_2, vaults_dpeg_ring,
          vaults_room_door_ring, vaults_room_stairs_pillars,
          nicolae_vaults_little_squares_3, nicolae_vaults_little_squares_4,
          layout_vaults_big_cross, serial_shops, nicolae_shop_crystal
Crypt:1:  layout_basic

Skill      XL: |  1  2  3  4  5  6  7  8  9 10 11 12 13 14 15 16 17 18 19 20 21 |
---------------+----------------------------------------------------------------+-----
Axes           | 3 4 5 6 7 8 10 11 12 13 15 16 17 18 | 18.0
Armour         | 3 4 5 6 7 8 9 10 11 12 14 | 14.2
Fighting       | 4 5 6 8 9 10 11 13 15 16 | 16.0
Throwing       | 1 3 4 5 6 7 9 10 12 13 14 | 14.3
Evocations     | 1 3 4 5 6 7 9 10 12 15 16 | 16.8
Dodging        | 2 4 6 8 10 | 10.9
Shields        | 4 7 10 11 | 11.6
Invocations    | 3 |  3.4
Spellcasting   | 2 |  2.8
Translocations | 2 |  2.8

Action                   |  1- 3 |  4- 6 |  7- 9 | 10-12 | 13-15 | 16-18 | 19-21 || total
-------------------------+-------+-------+-------+-------+-------+-------+-------++-------
Melee: Hand axe          |    76 |   150 |       |       |       |       |       ||   226
       Punch             |       |     1 |     6 |    10 |    11 |       |       ||    28
       War axe           |       |     2 |   282 |    43 |       |       |       ||   327
       Broad axe         |       |       |       |   529 |  1019 |  1314 |  1467 ||  4329
Throw: Boomerang         |       |       |    11 |    32 |   135 |   308 |   170 ||   656
       Javelin           |       |       |     1 |       |       |       |    33 ||    34
Invok: Berserk           |       |     4 |     5 |     8 |     9 |     3 |     4 ||    33
       Trog's Hand       |       |       |     1 |     1 |     7 |     1 |     5 ||    15
       Brothers in Arms  |       |       |       |       |     6 |     2 |     4 ||    12
       Divine Shield     |       |       |       |       |       |       |     2 ||     2
Evoke: Wand              |       |       |     6 |     3 |     2 |    14 |    12 ||    37
       Box of beasts     |       |       |       |     1 |     1 |       |     2 ||     4
       Condenser vane    |       |       |       |       |     4 |     4 |       ||     8
       Tin of tremorston |       |       |       |       |       |     7 |    10 ||    17
       Phantom mirror    |       |       |       |       |       |       |     1 ||     1
  Use: Scroll            |       |       |    25 |     4 |     7 |     6 |     4 ||    46
       Potion            |       |       |       |     2 |     2 |     1 |     3 ||     8
 Stab: Sleeping          |     1 |       |       |       |     2 |     2 |     1 ||     6
       Distracted        |       |       |     1 |       |       |     2 |     1 ||     4
       Paralysed         |       |       |       |     9 |       |       |     6 ||    15
       Invisible         |       |       |       |       |       |     2 |       ||     2
       Confused          |       |       |       |       |       |     1 |       ||     1
Armor: Animal skin       |     6 |       |       |       |       |       |       ||     6
       Plate armour      |    29 |   122 |   206 |   107 |       |       |       ||   464
       Pearl dragon scal |       |       |       |   419 |   180 |       |       ||   599
       Quicksilver drago |       |       |       |       |   522 |   716 |   681 ||  1919
Dodge: Dodged            |    29 |    59 |    89 |   357 |   553 |   597 |   700 ||  2384
Block: Tower shield      |       |       |       |       |   223 |   692 |       ||   915
       Kite shield       |       |       |       |       |       |   304 |   820 ||  1124
       Reflection        |       |       |       |       |       |    36 |    31 ||    67

Table legend: (Time is in decaauts)
 A = Elapsed time spent in this place.
 B = Non-inter-level travel time spent in this place.
 C = Inter-level travel time spent in this place.
 D = Time resting spent in this place.
 E = Time spent auto-exploring this place.
 F = Levels seen in this place.
 G = Mean time per level.
                   A        B        C        D        E       F      G
               +--------+--------+--------+--------+--------+-----+--------+
         Total |  31452 |  26815 |   4637 |   4703 |    148 |  45 |  698.9 |
       Dungeon |  10264 |   8026 |   2238 |    571 |     75 |  15 |  684.3 |
        Temple |     20 |     18 |      2 |      0 |      0 |   1 |   20.0 |
          Lair |   4375 |   3275 |   1100 |    406 |      0 |   5 |  875.0 |
        Shoals |   3283 |   3231 |     52 |    737 |      0 |   4 |  820.8 |
   Spider Nest |   2793 |   2625 |    168 |    631 |      0 |   4 |  698.2 |
    Slime Pits |   1761 |   1761 |      0 |    989 |      0 |   5 |  352.2 |
  Orcish Mines |   1584 |   1316 |    268 |     84 |     35 |   2 |  792.0 |
   Elven Halls |   3254 |   2934 |    320 |    557 |     38 |   3 | 1084.7 |
        Vaults |   3525 |   3041 |    484 |    726 |      0 |   4 |  881.2 |
         Crypt |    477 |    477 |      0 |      0 |      0 |   1 |  477.0 |
         Sewer |    110 |    110 |      0 |      0 |      0 |   1 |  110.0 |
               +--------+--------+--------+--------+--------+-----+--------+

Top non-repeatable levels by time:
   Elf:3: 1720 daAuts
Vaults:4: 1591 daAuts
Vaults:2: 1307 daAuts
     D:9: 1306 daAuts
  Lair:2: 1223 daAuts
   Orc:2: 1147 daAuts
Spider:1: 1087 daAuts
Shoals:4: 1078 daAuts
  Lair:5: 1039 daAuts
    D:11: 994 daAuts
Shoals:3: 993 daAuts
    D:15: 992 daAuts
    D:10: 985 daAuts
    D:12: 961 daAuts
  Lair:3: 897 daAuts
